 Dungeon Crawl Stone Soup version 0.29.0-4-gdea44cf6ec (webtiles) character file.

Game seed: 6017326550667009134

3779 qw the Cleaver (level 9, -2/81 HPs)
             Began as a Minotaur Berserker on Sept 10, 2022.
             Was a Believer of Trog.
             Slain by a gnoll
             ... wielding a +0 spear
             ... led by a gnoll bouda
              (7 damage)
             ... on level 7 of the Dungeon.
             The game lasted 00:02:26 (6907 turns).

qw the Cleaver (Minotaur Berserker)                 Turns: 6907, Time: 00:02:27

Health: -2/81      AC: 11    Str: 29    XL:     9   Next: 95%
Magic:  8/8        EV: 13    Int:  3    God:    Trog [**....]
Gold:   233        SH:  5    Dex: 10    Spells: 8/8 levels left

rFire   . . .      SeeInvis +   Y - +0 war axe
rCold   . . .      Faith    .   c - +0 buckler
rNeg    . . .      Spirit   .   r - +0 chain mail
rPois   .          Reflect  .   (helmet restricted)
rElec   .          Harm     .   (no cloak)
rCorr   .          Rampage  .   (no gloves)
Will    .....                   v - +0 pair of boots
Stlth   ..........              (no amulet)
HPRegen 0.23/turn               d - +4 ring of evasion
MPRegen 0.11/turn               b - ring of see invisible

@: marked, on berserk cooldown, slowed, very slow
A: horns 2, retaliatory headbutt, hooves 1, strong 1
a: Renounce Religion, Berserk, Trog's Hand


You were on level 7 of the Dungeon.
You worshipped Trog.
Trog was pleased with you.
You visited 1 branch of the dungeon, and saw 7 of its levels.
You also visited: Sewer.

You collected 233 gold pieces.


Innate Abilities, Weirdness & Mutations

You have a pair of horns on your head.
You reflexively headbutt those who attack you in melee.
You have large cloven feet.
Your muscles are strong. (Str +4, Int/Dex -1)


   Skills:
 - Level 8.1 Fighting
 + Level 13.7 Axes
 - Level 1.9 Throwing
 - Level 5.1 Armour
 - Level 2.1 Dodging
 - Level 5.4 Shields


You had 8 spell levels left.
You didn't know any spells.
Your spell library was empty.

Inventory:

Hand Weapons
 m - a +0 flail
 Y - a +0 war axe (weapon)
Armour
 a - a +0 plate armour
 c - a +0 buckler (worn)
 r - a +0 chain mail (worn)
 v - a +0 pair of boots (worn)
Jewellery
 b - a ring of see invisible (right hand)
 d - a +4 ring of evasion (left hand)
 f - a ring of ice
 l - a ring of fire
 s - a ring of fire
Scrolls
 e - a scroll of identify
 o - 2 scrolls of teleportation
Potions
 g - 3 potions of resistance
 i - a potion of heal wounds
 n - 2 potions of mutation
 p - 3 potions of curing
 q - a potion of haste

Dungeon Overview and Level Annotations

Branches:
Dungeon (7/15)             Temple (0/1) D:6           Sewer (visited)

Altars:
Ashenzari


Message History

Trog accepts your kill.
You slice the gnoll!!
You kill the gnoll!
Trog accepts your kill. The gnoll closely misses you.
The orc priest begins to cast a cantrip, but forgets the words!
The orc wizard casts a spell at you.
You easily resist.
You closely miss the white imp. You headbutt the white imp!
The white imp is almost dead.
You barely miss the gnoll. The gnoll hits you but does no damage.
The white imp misses you. You furiously retaliate!
You headbutt the white imp.
You kill the white imp!
Trog accepts your kill.
The orc priest invokes the aid of Beogh against you.
Beogh smites you! The gnoll completely misses you.
You barely miss the orc wizard. You slash the gnoll! You slash the gnoll!
You kill the gnoll!
Trog accepts your kill.
You slash the orc wizard! The gnoll bouda completely misses you.
The gnoll hits you from afar with a +0 spear!
The orc wizard closely misses you.
The orc priest invokes the aid of Beogh against you.
Beogh smites you!
You closely miss the orc wizard. Your headbutt misses the orc wizard.
The orc wizard is almost dead.
You slash the sky beast! You slice the orc wizard!!
You kill the orc wizard!
Trog accepts your kill.
Trog appreciates your killing of a magic user.
You miss the sky beast.
You are no longer berserk.
You are exhausted.
You feel yourself slow down.
The gnoll hits you from afar with a +0 spear!
You die...

##.# ...# .# ...# .#
...# .. ...####### .#
...#.....# .###
.....###.# .g.#
...#####.########Yg.##.#
.##.............@)og....
..........##..)####g####
..........##...#
..........######
..........# ..........#
.#####...## +# ##### ..


You could see a sky beast, a gnoll bouda, an orc priest and 3 gnolls.

Vanquished Creatures
  Pikel (D:4)
  Grinder (D:3)
  Sigmund (D:6)
  A steam dragon (D:7)
  Menkaure (D:6)
  Duvessa (D:6)
  Pargi (Sewer)
  An orc warrior (D:7)
  An ice beast (D:6)
  4 black bears
  An ogre (D:4)
  A centaur (D:6)
  A phantom (D:7)
  2 lemures (D:4)
  A kobold brigand (D:6)
  A gnoll sergeant (D:7)
  2 bullfrogs (D:6)
  7 scorpions
  A necrophage (D:6)
  Dowan (D:6)
  2 howler monkeys
  3 hounds
  4 jellies
  3 orc priests
  7 iguanas
  6 orc wizards
  4 gnolls (D:7)
  Robin (D:3)
  14 adders
  A shadow imp (D:5)
  2 white imps
  A worm (D:4)
  A dart slug (D:1)
  14 orcs
  8 endoplasms
  5 giant cockroaches
  3 hobgoblins
  4 quokkas
  7 ball pythons
  5 bats
  3 frilled lizards (D:1)
  16 goblins
  13 kobolds
  6 rats (D:1)
164 creatures vanquished.

Vanquished Creatures (others)
  A fungus (D:2)
  2 plants (D:2)
3 creatures vanquished.

Grand Total: 167 creatures vanquished

Notes
Turn   | Place    | Note
-------+----------+-------------------------------------------
     0 | D:1      | qw the Minotaur Berserker began the quest for the Orb.
     0 | D:1      | Reached XP level 1. HP: 19/19 MP: 0/0
     0 | D:1      | 0 ||| qw: Version: 0.1-a-113-g051387a
     0 | D:1      | 0 ||| qw: Game counter: 7394
     0 | D:1      | 0 ||| qw: Always use a shield: true
     0 | D:1      | 0 ||| qw: Do Orc after D:15 true
     0 | D:1      | 0 ||| qw: Do second Lair branch before Depths: true
     0 | D:1      | 0 ||| qw: Lair rune preference: random
     0 | D:1      | 0 ||| qw: Plans: Normal
     0 | D:1      | 0 ||| PLANNING D:1-11
   127 | D:1      | Reached skill level 4 in Axes
   254 | D:1      | Reached XP level 2. HP: 26/26 MP: 1/1
   429 | D:1      | 429 ||| Stepping ~*~*~tactically~*~*~ (hiding).
   491 | D:1      | 491 ||| DROPPING +0 club.
   545 | D:1      | 545 ||| Stepping ~*~*~tactically~*~*~ (stealth).
   602 | D:1      | Reached skill level 5 in Axes
   602 | D:1      | 602 ||| Stepping ~*~*~tactically~*~*~ (stealth).
   678 | D:1      | Reached XP level 3. HP: 31/31 MP: 2/2
   838 | D:1      | 838 ||| UPGRADING to +4 ring of evasion.
   839 | D:1      | 839 ||| READING scroll labelled DEMIWN QOSI.
   840 | D:1      | 840 ||| READING scroll labelled ELIDWA MIGUI.
   841 | D:1      | 841 ||| DRINKING 2 fizzy black potions.
   859 | D:2      | 859 ||| STAIRDANCE
   875 | D:2      | 875 ||| STAIRDANCE
   924 | D:2      | Found a faded altar of an unknown god.
   989 | D:2      | Reached ** piety under Trog
  1004 | D:2      | Identified the +2 mace of Pakh {freeze, rElec rC- MP+9
                  | Int+8}
  1400 | D:2      | 1400 ||| DROPPING orb of wrath.
  1401 | D:2      | 1401 ||| UPGRADING to +0 chain mail.
  1411 | D:2      | 1411 ||| DROPPING +0 animal skin.
  1412 | D:2      | 1412 ||| READING 2 scrolls labelled IJAMIEGANE.
  1413 | D:2      | 1413 ||| READING scroll labelled DACEDI YC CIV.
  1414 | D:2      | 1414 ||| READING scroll labelled HUREUC NURA.
  1549 | D:2      | 1549 ||| READING 3 scrolls labelled CUFRAT GYLI.
  1550 | D:2      | 1550 ||| READING scroll labelled ZUTIZYI XOYGH.
  1555 | D:2      | 1555 ||| READING scroll labelled NAUBRO MY UXYBB.
  1556 | D:2      | 1556 ||| READING scroll labelled VORGHO TARAANU.
  1557 | D:2      | 1557 ||| DROPPING 2 scrolls of magic mapping.
  1596 | D:3      | Noticed Robin
  1597 | D:3      | 1597 ||| Stepping ~*~*~tactically~*~*~ (stealth).
  1608 | D:3      | Reached skill level 6 in Axes
  1608 | D:3      | Reached XP level 4. HP: 39/39 MP: 3/3
  1623 | D:3      | 1623 ||| Stepping ~*~*~tactically~*~*~ (stealth).
  1677 | D:3      | 1677 ||| Stepping ~*~*~tactically~*~*~ (stealth).
  1678 | D:3      | 1678 ||| Stepping ~*~*~tactically~*~*~ (stealth).
  1682 | D:3      | 1682 ||| Stepping ~*~*~tactically~*~*~ (stealth).
  1683 | D:3      | 1683 ||| Stepping ~*~*~tactically~*~*~ (stealth).
  1684 | D:3      | 1684 ||| Stepping ~*~*~tactically~*~*~ (stealth).
  1685 | D:3      | 1685 ||| Stepping ~*~*~tactically~*~*~ (stealth).
  1686 | D:3      | 1686 ||| Stepping ~*~*~tactically~*~*~ (stealth).
  1687 | D:3      | 1687 ||| Stepping ~*~*~tactically~*~*~ (stealth).
  1752 | D:3      | 1752 ||| Stepping ~*~*~tactically~*~*~ (stealth).
  1753 | D:3      | 1753 ||| Stepping ~*~*~tactically~*~*~ (stealth).
  1754 | D:3      | 1754 ||| Stepping ~*~*~tactically~*~*~ (stealth).
  1897 | D:3      | 1897 ||| Stepping ~*~*~tactically~*~*~ (stealth).
  1898 | D:3      | 1898 ||| Stepping ~*~*~tactically~*~*~ (stealth).
  1907 | D:3      | 1907 ||| Stepping ~*~*~tactically~*~*~ (stealth).
  1910 | D:3      | Reached XP level 5. HP: 42/45 MP: 4/4
  1912 | D:3      | Noticed Grinder
  1913 | D:3      | 1913 ||| INVOKING Trog's Hand.
  1917 | D:3      | Reached skill level 7 in Axes
  1931 | D:3      | 1931 ||| INVOKING Berserk.
  1934 | D:3      | Killed Robin
  1940 | D:3      | 1940 ||| INVOKING Trog's Hand.
  1945 | D:3      | 1945 ||| INVOKING Trog's Hand.
  1948 | D:3      | HP: 10/46 [Grinder (2)]
  1949 | D:3      | 1949 ||| READING scroll of teleportation.
  2243 | D:3      | 2243 ||| Stepping ~*~*~tactically~*~*~ (hiding).
  2244 | D:3      | 2244 ||| Stepping ~*~*~tactically~*~*~ (hiding).
  2245 | D:3      | 2245 ||| INVOKING Trog's Hand.
  2246 | D:3      | 2246 ||| INVOKING Berserk.
  2258 | D:3      | 2258 ||| INVOKING Trog's Hand.
  2261 | D:3      | Killed Grinder
  2262 | D:3      | Reached skill level 8 in Axes
  2262 | D:3      | Reached XP level 6. HP: 52/52 MP: 5/5
  2322 | D:3      | 2322 ||| Stepping ~*~*~tactically~*~*~ (stealth).
  2345 | D:3      | 2345 ||| DROPPING +0 whip.
  2346 | D:3      | 2346 ||| DROPPING +2 mace of Pakh {freeze, rElec rC- MP+9
                  | Int+8}.
  2355 | D:3      | You fall into a shaft and drop 1 floor!
  2364 | D:4      | 2364 ||| PLANNING SEWER
  2364 | D:4      | 2364 ||| SWAPPING to +0 war axe.
  2369 | D:4      | 2369 ||| DROPPING +0 hand axe.
  2370 | D:4      | Found a glowing drain.
  2371 | D:4      | 2371 ||| DROPPING +0 ring mail of willpower.
  2372 | D:4      | 2372 ||| UPGRADING to +0 pair of boots.
  2377 | D:4      | 2377 ||| READING scroll labelled RUTTUPT LAKEFIT.
  2378 | D:4      | 2378 ||| DRINKING 2 cyan potions.
  2378 | D:4      | Gained mutation: You are frail. (-10% HP) [potion of
                  | mutation]
  2379 | D:4      | 2379 ||| DRINKING potion of mutation.
  2379 | D:4      | Lost mutation: You are frail. (-10% HP) [potion of
                  | mutation]
  2379 | D:4      | Gained mutation: You are frail. (-10% HP) [potion of
                  | mutation]
  2379 | D:4      | Gained mutation: You occasionally shout uncontrollably at
                  | your foes. [potion of mutation]
  2379 | D:4      | Gained mutation: You are clumsy. (Dex -2) [potion of
                  | mutation]
  2380 | D:4      | 2380 ||| READING 3 scrolls of identify.
  2380 | D:4      | 2380 ||| IDENTIFYING glowing orange potion
  2381 | D:4      | 2381 ||| READING 2 scrolls of identify.
  2381 | D:4      | 2381 ||| IDENTIFYING fuming puce potion
  2382 | D:4      | 2382 ||| DROPPING potion of invisibility.
  2383 | D:4      | 2383 ||| DROPPING potion of lignification.
  2400 | Sewer    | Entered a sewer
  2414 | Sewer    | Noticed Pargi
  2416 | Sewer    | Killed Pargi
  2417 | Sewer    | Reached skill level 9 in Axes
  2484 | Sewer    | 2484 ||| DRINKING potion of mutation.
  2484 | Sewer    | Lost mutation: You are clumsy. (Dex -2) [potion of
                  | mutation]
  2484 | Sewer    | Lost mutation: You occasionally shout uncontrollably at
                  | your foes. [potion of mutation]
  2484 | Sewer    | Lost mutation: You are frail. (-10% HP) [potion of
                  | mutation]
  2484 | Sewer    | Gained mutation: You have hidden genetic potential. [potion
                  | of mutation]
  2542 | Sewer    | 2542 ||| DRINKING 2 sedimented emerald potions.
  2556 | D:4      | 2556 ||| PLANNING OSSUARY
  2678 | D:4      | 2678 ||| INVOKING Berserk.
  2680 | D:4      | Reached skill level 3 in Armour
  2680 | D:4      | Reached XP level 7. HP: 59/59 MP: 6/6
  2923 | D:4      | 2923 ||| INVOKING Berserk.
  3017 | D:4      | 3017 ||| RIP OSSUARY
  3031 | D:4      | 3031 ||| PLANNING D:1-11
  3031 | D:4      | 3031 ||| UPGRADING to ring of see invisible.
  3310 | D:4      | Noticed Pikel
  3314 | D:4      | 3314 ||| INVOKING Berserk.
  3315 | D:4      | Killed Pikel
  3316 | D:4      | Reached XP level 8. HP: 74/74 MP: 7/7
  3319 | D:4      | Gained mutation: You have large cloven feet. [hidden
                  | potential]
  3682 | D:4      | 3682 ||| Stepping ~*~*~tactically~*~*~ (hiding).
  3942 | D:4      | 3942 ||| DRINKING 2 lumpy dark potions.
  3943 | D:4      | 3943 ||| DROPPING potion of flight.
  3967 | D:5      | Entered Level 5 of the Dungeon
  3969 | D:5      | Identified the +1 robe of Puckish Lucidity {rPois Int+2
                  | Slay+2 Archmagi}
  3987 | D:5      | Reached skill level 10 in Axes
  4059 | D:5      | 4059 ||| INVOKING Berserk.
  4065 | D:5      | Reached skill level 1 in Throwing
  4178 | D:5      | 4178 ||| INVOKING Berserk.
  4288 | D:5      | 4288 ||| Stepping ~*~*~tactically~*~*~ (hiding).
  4351 | D:5      | 4351 ||| Stepping ~*~*~tactically~*~*~ (stealth).
  4352 | D:5      | 4352 ||| Stepping ~*~*~tactically~*~*~ (stealth).
  4606 | D:5      | Found a broken altar of Ashenzari.
  4646 | D:5      | 4646 ||| INVOKING Berserk.
  4843 | D:5      | 4843 ||| INVOKING Berserk.
  4847 | D:5      | Reached skill level 11 in Axes
  5038 | D:5      | 5038 ||| READING scroll labelled IKAMAS IZIFA.
  5039 | D:5      | 5039 ||| READING scroll labelled ANKEOHE LOLORCHA.
  5040 | D:5      | 5040 ||| DRINKING 2 fizzy inky potions.
  5041 | D:5      | 5041 ||| DRINKING 2 murky grey potions.
  5042 | D:5      | 5042 ||| DROPPING potion of brilliance.
  5043 | D:5      | 5043 ||| DROPPING potion of degeneration.
  5061 | D:6      | 5061 ||| INVOKING Berserk.
  5300 | D:6      | Noticed Sigmund
  5304 | D:6      | 5304 ||| INVOKING Berserk.
  5308 | D:6      | Killed Sigmund
  5309 | D:6      | Reached XP level 9. HP: 81/81 MP: 8/8
  5420 | D:6      | 5420 ||| Stepping ~*~*~tactically~*~*~ (stealth).
  5424 | D:6      | Reached skill level 12 in Axes
  5427 | D:6      | Gained mutation: Your muscles are strong. (Str +4, Int/Dex
                  | -1) [hidden potential]
  5427 | D:6      | Lost mutation: You have hidden genetic potential. [hidden
                  | potential expressed]
  5439 | D:6      | 5439 ||| Stepping ~*~*~tactically~*~*~ (stealth).
  5441 | D:6      | Noticed Duvessa
  5447 | D:6      | Noticed Dowan
  5448 | D:6      | 5448 ||| Stepping ~*~*~tactically~*~*~ (stealth).
  5449 | D:6      | 5449 ||| INVOKING Berserk.
  5454 | D:6      | Killed Duvessa
  5461 | D:6      | 5461 ||| Stepping ~*~*~tactically~*~*~ (stealth).
  5462 | D:6      | 5462 ||| Stepping ~*~*~tactically~*~*~ (stealth).
  5492 | D:6      | 5492 ||| Stepping ~*~*~tactically~*~*~ (stealth).
  5500 | D:6      | 5500 ||| Stepping ~*~*~tactically~*~*~ (stealth).
  5503 | D:6      | 5503 ||| INVOKING Berserk.
  5505 | D:6      | Killed Dowan
  5637 | D:6      | Found a staircase to the Ecumenical Temple.
  5643 | D:6      | 5643 ||| Stepping ~*~*~tactically~*~*~ (stealth).
  5680 | D:6      | 5680 ||| INVOKING Berserk.
  5801 | D:6      | Noticed Menkaure
  5802 | D:6      | 5802 ||| Stepping ~*~*~tactically~*~*~ (hiding).
  5808 | D:6      | 5808 ||| INVOKING Berserk.
  5810 | D:6      | Killed Menkaure
  5811 | D:6      | Reached skill level 13 in Axes
  6161 | D:6      | 6161 ||| Stepping ~*~*~tactically~*~*~ (hiding).
  6162 | D:6      | 6162 ||| Stepping ~*~*~tactically~*~*~ (hiding).
  6163 | D:6      | 6163 ||| Stepping ~*~*~tactically~*~*~ (hiding).
  6164 | D:6      | 6164 ||| Stepping ~*~*~tactically~*~*~ (hiding).
  6165 | D:6      | 6165 ||| Stepping ~*~*~tactically~*~*~ (hiding).
  6176 | D:6      | 6176 ||| INVOKING Berserk.
  6435 | D:6      | 6435 ||| UPGRADING to +0 buckler.
  6440 | D:6      | 6440 ||| DRINKING 2 fuming sapphire potions.
  6441 | D:6      | 6441 ||| DRINKING 2 puce potions.
  6442 | D:6      | 6442 ||| READING 3 scrolls of identify.
  6442 | D:6      | 6442 ||| IDENTIFYING clear potion
  6443 | D:6      | 6443 ||| READING 2 scrolls of identify.
  6443 | D:6      | 6443 ||| IDENTIFYING sapphire potion
  6444 | D:6      | 6444 ||| DROPPING potion of attraction.
  6445 | D:6      | 6445 ||| DROPPING potion of magic.
  6466 | D:7      | 6466 ||| Stepping ~*~*~tactically~*~*~ (hiding).
  6468 | D:7      | 6468 ||| INVOKING Berserk.
  6472 | D:7      | Reached skill level 1 in Shields
  6476 | D:7      | Reached skill level 3 in Shields
  6528 | D:7      | 6528 ||| INVOKING Berserk.
  6733 | D:7      | 6733 ||| Stepping ~*~*~tactically~*~*~ (hiding).
  6734 | D:7      | 6734 ||| Stepping ~*~*~tactically~*~*~ (hiding).
  6738 | D:7      | 6738 ||| INVOKING Berserk.
  6854 | D:7      | 6854 ||| Stepping ~*~*~tactically~*~*~ (stealth).
  6867 | D:7      | 6867 ||| FLEEEEING.
  6885 | D:7      | 6885 ||| INVOKING Berserk.
  6903 | D:7      | HP: 24/121 [orc priest/divine providence (10)]
  6905 | D:7      | HP: 8/121 [orc priest/divine providence (8)]
  6907 | D:7      | Slain by a gnoll

Levels and vault maps discovered:
D:1:      shiori_arrival_elements, layout_basic
D:2:      layout_rooms, dreamdust_ecumenical_altar_grove
D:3:      layout_loops_ring, uniq_robin, uniq_grinder
D:4:      layout_basic, cheibrodos_sewer_entry_drain,
          chequers_ossuary_entry_cave, minmay_misc_feat_pillars, uniq_pikel
D:5:      layout_rooms, mainiacjoe_overflow_small_starburst
D:6:      layout_rooms, minmay_temple_entry_wispy, uniq_menkaure, uniq_duvessa,
          uniq_sigmund
D:7:      layout_basic

Skill      XL: |  1  2  3  4  5  6  7  8  9 |
---------------+----------------------------+-----
Axes           | 4 5 6 8 9 11 13 | 13.7
Fighting       | 4 8 |  8.1
Armour         | 3 4 5 |  5.1
Throwing       | 1 |  1.9
Shields        | 5 |  5.4
Dodging        | |  2.1

Action                   |  1- 3 |  4- 6 |  7- 9 || total
-------------------------+-------+-------+-------++-------
Melee: Hand axe          |    70 |    65 |       ||   135
       Headbutt          |     5 |    13 |    34 ||    52
       War axe           |       |    16 |   224 ||   240
       Punch             |       |       |     1 ||     1
Throw: Boomerang         |     4 |    23 |    41 ||    68
Invok: Trog's Hand       |       |     5 |       ||     5
       Berserk           |       |     3 |    17 ||    20
  Use: Scroll            |     9 |     4 |     4 ||    17
       Potion            |     1 |     4 |     5 ||    10
Armor: Animal skin       |    14 |       |       ||    14
       Chain mail        |       |    31 |    70 ||   101
Dodge: Dodged            |    36 |    38 |   110 ||   184
Block: Buckler           |       |       |     9 ||     9

Table legend:
 A = Non-vault XP
 B = Vault XP
 C = Vault XP percentage of total XP
 D = Non-vault monster count
 E = Vault monster count
 F = Vault count percentage of total count
                 A         B        C        D         E       F
            +---------+---------+-------+---------+---------+-------
      Total |    3704 |    1730 |  31.8 |     135 |      27 |  16.7
            +---------+---------+-------+---------+---------+-------
        D:1 |      45 |       0 |   0.0 |      28 |       0 |   0.0
        D:2 |      47 |       0 |   0.0 |       8 |       0 |   0.0
        D:3 |     157 |     303 |  65.9 |      17 |      14 |  45.2
        D:4 |     325 |     667 |  67.2 |      18 |       4 |  18.2
        D:5 |     681 |       0 |   0.0 |      15 |       0 |   0.0
        D:6 |    1208 |     612 |  33.6 |      25 |       4 |  13.8
        D:7 |    1241 |       0 |   0.0 |      24 |       0 |   0.0
      Sewer |       0 |     148 | 100.0 |       0 |       5 | 100.0
            +---------+---------+-------+---------+---------+-------
